 Dungeon Crawl Stone Soup version 0.27-a0-1228-gfd60fd639a (webtiles) character file.

Game seed: 16091733047620642601

10192 Mesmaeker13 the Cleaver (level 11, -5/101 HPs)
             Began as a Minotaur Gladiator on June 4, 2021.
             Was a High Priest of Okawaru.
             Slain by an unseen horror (7 damage)
             ... on level 10 of the Dungeon on June 7, 2021.
             The game lasted 00:16:36 (15068 turns).

Mesmaeker13 the Cleaver (Minotaur Gladiator)       Turns: 15068, Time: 00:16:37

Health: -5/101     AC: 16    Str: 22    XL:     11   Next: 32%
Magic:  10/10      EV: 10    Int:  5    God:    Okawaru [*****.]
Gold:   497        SH:  0    Dex: 12    Spells: 10/10 levels left

rFire    . . .     SeeInvis .   n - +8 frozen axe "Frostbite" {freezing cloud, *Noise Fly rC+}
rCold    + . .     Faith    .   (shield currently unavailable)
rNeg     . . .     Spirit   .   v - +0 chain mail
rPois    +         Reflect  .   c - +1 hat
rElec    .         Harm     .   t - +2 cloak
rCorr    +         Rampage  .   (no gloves)
Will     .....                  y - +0 pair of boots
Stlth    ..........             (no amulet)
HPRegen  0.26/turn              h - ring of poison resistance
MPRegen  0.12/turn              w - ring of resist corrosion

@: flying
A: horns 2, retaliatory headbutt
a: Renounce Religion, Heroism, Finesse


You were on level 10 of the Dungeon.
You worshipped Okawaru.
Okawaru was extremely pleased with you.
You visited 2 branches of the dungeon, and saw 12 of its levels.

You collected 497 gold pieces.

Inventory:

Hand Weapons
 n - the +8 frozen axe "Frostbite" (weapon) {freezing cloud, *Noise Fly rC+}
   (You acquired it on level 10 of the Dungeon)

   It has been specially enchanted to freeze those struck by it, causing extra
   injury to most foes and up to half again as much damage against particularly
   susceptible opponents.
   It can also slow down cold-blooded creatures.
   It protects you from cold.
   It grants you flight.
   It may make noises in combat.
 J - a +3 vorpal scimitar
Missiles
 I - 2 throwing nets (quivered)
Armour
 c - a +1 hat (worn)
 i - a scarf of invisibility
 t - a +2 cloak (worn)
 v - a +0 chain mail (worn)
 y - a +0 pair of boots (worn)
 L - a +2 ring mail of cold resistance
Jewellery
 d - a ring of willpower
 h - a ring of poison resistance (left hand)
 w - a ring of resist corrosion (right hand)
 z - a ring of positive energy
 O - a +6 ring of strength
Wands
 u - a wand of mindburst (7)
 x - a wand of iceblast (7)
 H - a wand of acid (20)
 M - a wand of paralysis (5)
Scrolls
 b - a scroll of amnesia
 e - 2 scrolls of silence
 f - a scroll of torment
 g - a scroll of enchant weapon
 l - 7 scrolls of teleportation
 m - a scroll of brand weapon
 q - 3 scrolls of enchant armour
 D - a scroll of noise
 G - a scroll of magic mapping
 K - 2 scrolls of summoning
 P - a scroll of identify
Potions
 a - a potion of haste {unknown}
 j - 2 potions of magic
 k - 2 potions of lignification
 o - 2 potions of mutation
 p - a potion of attraction {unknown}
 r - 2 potions of invisibility {unknown}
 s - 4 potions of degeneration {unknown}
 A - a potion of brilliance {unknown}
 B - 2 potions of cancellation {unknown}
 C - 2 potions of resistance {unknown}
 E - a potion of curing
 F - a potion of might {unknown}
 N - a potion of flight {unknown}


   Skills:
 + Level 10.8 Fighting
 + Level 11.1 Axes
 - Level 5.8 Throwing
 + Level 7.9 Armour
 - Level 7.1 Dodging
 + Level 6.8 Evocations


You had 10 spell levels left.
You didn't know any spells.
Your spell library contained the following spells:

 Spells                   Type           Power      Damage    Failure   Level
 Animate Skeleton         Necr           0%         N/A       98%         1
 Apportation              Tloc           0%         N/A       98%         1
 Corona                   Hex            0%         N/A       98%         1
 Freeze                   Ice            0%         1d3       98%         1
 Summon Small Mammal      Summ           0%         N/A       98%         1
 Call Imp                 Summ           0%         N/A       99%         2
 Call Canine Familiar     Summ           0%         N/A       100%        3
 Frozen Ramparts          Ice            0%         1d2       100%        3
 Ozocubu's Armour         Ice            0%         N/A       100%        3
 Summon Guardian Golem    Hex/Summ       0%         N/A       100%        3
 Hailstorm                Conj/Ice       0%         3d3       100%        4
 Summon Ice Beast         Ice/Summ       0%         N/A       100%        4
 Summon Lightning Spire   Summ/Air       0%         N/A       100%        4
 Metabolic Englaciation   Hex/Ice        0%         N/A       100%        5


Dungeon Overview and Level Annotations

Branches:
Dungeon (11/15)            Temple (1/1) D:4            Lair (0/6) D:11
    Orc (0/2) D:9

Altars:
Cheibriados
Dithmenos
Elyvilon
Fedhas
Gozag
Hepliaklqana
Kikubaaqudgha
Nemelex Xobeh
Okawaru
Qazlal
Ru
Trog
Uskayaw
Vehumet
Wu Jian
Xom
Yredelemnul
The Shining One

Shops:
D:1 (

Annotations:
D:11 Grum


Innate Abilities, Weirdness & Mutations

You have a pair of horns on your head.
You reflexively headbutt those who attack you in melee.


Message History

Orders for allies: a - Attack new target. r - Retreat! s - Stop attacking. g - Guard the area. f - Follow me.
Anything else - Cancel.
Okay, then.
As you read the scroll labelled VOQESI VUSCH, it crumbles to dust.
It is a scroll of brand weapon.
Your +2 scimitar of flaming emits a brilliant flash of light!
J - a +2 vorpal scimitar Something hits you but does no damage.
Unknown command.
As you read the scroll labelled PUHOISM DIAGH, it crumbles to dust.
Your body is wracked with pain!
* * * LOW HITPOINT WARNING * * *
Something is bathed in an unholy light!
It was a scroll of torment.
Something hits you but does no damage.
Unknown command.
As you read the scroll labelled RAKIHUZUCE, it crumbles to dust.
It is a scroll of enchant weapon.
Your +2 vorpal scimitar glows red for a moment.
Something hits you but does no damage. x2
Unknown command.
Okay, then.
Okay, then.
Something hits you but does no damage. Something hits you.
* * * LOW HITPOINT WARNING * * *
Something hits you but does no damage.
There is a stone staircase leading up, spattered with blood here.
Unknown command.
Something hits you.
* * * LOW HITPOINT WARNING * * *
You fly upwards.
Reactivating autopickup.
There is a stone staircase leading down here.
Unknown command.
Something hits you but does no damage.
Deactivating autopickup; reactivate with Ctrl-A.
Something hits you!
You die...

..#..##........#..#....###
.##..###..##...#..#......#
...........(..#......#.###
....#....#.##.##.#.##..#
...##...####...........#
.......## #.....##....##
...)....## #............## ###
.........###...<.........###.###
..........##....@.........#..#.#
...#...(..##............(......##
...##.#...#.......>.#..##.......#
......##...........######...##...
.##....#..##.......#######.......
.####....###.........##.##..##.##
.# ##..####.....##.........#.##
.#####..###.....####..#.#.###..##
...##....###.....#.##..##........


There were no monsters in sight!

Vanquished Creatures
  Harold (D:8)
  A two-headed ogre (D:8)
  Pikel (D:4)
  Joseph (D:8)
  A gargoyle (D:10)
  A troll (D:9)
  2 hornets
  Grinder (D:4)
  Prince Ribbit (D:8)
  Sigmund (D:6)
  A centaur simulacrum (D:9)
  A vampire (D:10)
  A wraith (D:8)
  8 yaks (D:8)
  2 wyverns (D:9)
  2 steam dragons
  A warg (D:9)
  2 acid dragons
  A sky beast (D:4)
  6 orc warriors
  3 ice beasts
  2 necrophages (D:6)
  2 wolves (D:11)
  6 centaurs
  2 ogres
  5 kobold brigands
  4 bullfrogs
  A gnoll sergeant (D:5)
  A water moccasin zombie (D:5)
  4 killer bees (D:9)
  A howler monkey (D:5)
  2 bullfrog zombies (D:6)
  A centaur zombie (D:8)
  3 hounds
  2 jellies
  Crazy Yiuf (D:4)
  A bullfrog skeleton (D:6)
  8 orc priests
  3 iguanas
  15 orc wizards
  2 killer bee zombies
  A hound skeleton (D:5)
  A howler monkey zombie (D:9)
  10 gnolls
  3 adders
  An ufetubus (D:7)
  An adder skeleton (D:4)
  2 worms
  A dart slug (D:4)
  42 orcs
  8 ball pythons
  6 endoplasms
  3 giant cockroaches
  4 hobgoblins
  4 jackals (D:3)
  7 quokkas
  3 bats (D:1)
  3 frilled lizards
  3 goblins
  17 kobolds
  4 rats (D:1)
229 creatures vanquished.

Vanquished Creatures (others)
  15 fungi (D:11)
  11 plants (D:11)
26 creatures vanquished.

Grand Total: 255 creatures vanquished

Notes
Turn   | Place    | Note
-------+----------+-------------------------------------------
     0 | D:1      | Mesmaeker13 the Minotaur Gladiator began the quest for the
                  | Orb.
     0 | D:1      | Reached XP level 1. HP: 18/18 MP: 0/0
    45 | D:1      | Found a faded altar of an unknown god.
   212 | D:1      | Reached XP level 2. HP: 25/25 MP: 1/1
   217 | D:1      | Found Rothrac's Antique Weapon Shoppe.
   455 | D:1      | Reached skill level 4 in Axes
   823 | D:2      | Found an ornate altar of the Wu Jian Council.
  1043 | D:2      | Reached XP level 3. HP: 31/31 MP: 2/2
  2183 | D:3      | Reached XP level 4. HP: 11/38 MP: 3/3
  2940 | D:4      | Noticed a sky beast
  2958 | D:4      | Killed a sky beast
  2959 | D:4      | Reached XP level 5. HP: 21/46 MP: 4/4
  3448 | D:4      | Reached skill level 5 in Axes
  3494 | D:4      | Noticed Grinder
  3503 | D:4      | Killed Grinder
  3504 | D:4      | Reached skill level 5 in Dodging
  3504 | D:4      | Reached XP level 6. HP: 35/55 MP: 5/5
  3504 | D:4      | Identified the +3 leather armour of Eren {rN+}
  3656 | D:4      | Reached skill level 5 in Fighting
  3656 | D:4      | Reached XP level 7. HP: 59/61 MP: 6/6
  3746 | D:4      | Noticed Pikel
  3764 | D:4      | Killed Pikel
  3765 | D:4      | Reached skill level 6 in Axes
  3779 | D:4      | Reached XP level 8. HP: 19/70 MP: 7/7
  3780 | D:4      | Reached skill level 5 in Throwing
  4248 | D:4      | Found a staircase to the Ecumenical Temple.
  4254 | Temple   | Entered the Ecumenical Temple
  4272 | Temple   | Became a worshipper of Warmaster Okawaru
  4463 | D:4      | Found a runed translucent door.
  4464 | D:4      | Noticed Crazy Yiuf
  4786 | D:4      | Killed Crazy Yiuf
  4865 | D:5      | Entered Level 5 of the Dungeon
  4903 | D:5      | Reached skill level 1 in Evocations
  4904 | D:5      | Upgraded the game from 0.27-a0-1202-ge72e49191c to
                  | 0.27-a0-1228-gfd60fd639a
  5035 | D:5      | Reached skill level 7 in Axes
  5248 | D:5      | Reached * piety under Okawaru
  7191 | D:6      | Noticed Sigmund
  7201 | D:6      | Killed Sigmund
  7202 | D:6      | Reached XP level 9. HP: 48/79 MP: 8/8
  7594 | D:6      | Reached skill level 1 in Armour
  7818 | D:6      | Reached ** piety under Okawaru
  7819 | D:6      | Reached skill level 8 in Axes
  8733 | D:7      | Found a hazy altar of Hepliaklqana.
  9005 | D:6      | HP: 3/81 [kobold brigand/+1 dagger of electrocution (6)]
  9515 | D:7      | Found a bloodstained altar of Trog.
  9569 | D:7      | Found a shadowy altar of Dithmenos.
  9575 | D:7      | Found a white marble altar of Elyvilon.
  9575 | D:7      | Found a basalt altar of Yredelemnul.
  9578 | D:7      | Found a stormy altar of Qazlal.
  9674 | D:7      | Found a hide-covered altar of Uskayaw.
  9675 | D:7      | Found a snail-covered altar of Cheibriados.
  9702 | D:7      | Found a blossoming altar of Fedhas.
 10157 | D:7      | Reached skill level 9 in Axes
 10200 | D:7      | Found a sacrificial altar of Ru.
 10372 | D:7      | Reached *** piety under Okawaru
 11195 | D:8      | Reached XP level 10. HP: 51/90 MP: 9/9
 11365 | D:8      | Noticed Joseph
 11378 | D:8      | Killed Joseph
 11386 | D:8      | Reached skill level 5 in Armour
 11666 | D:8      | Noticed a two-headed ogre
 11679 | D:8      | Killed a two-headed ogre
 11680 | D:8      | Reached skill level 5 in Evocations
 11913 | D:8      | Reached **** piety under Okawaru
 12097 | D:8      | Reached skill level 10 in Axes
 12246 | D:8      | Received a gift from Okawaru
 12396 | D:8      | Reached skill level 10 in Fighting
 12454 | D:8      | Noticed Harold
 12466 | D:8      | Killed Harold
 12842 | D:8      | Noticed Prince Ribbit
 12848 | D:8      | Killed Prince Ribbit
 13170 | D:9      | Reached XP level 11. HP: 99/101 MP: 10/10
 13193 | D:9      | Paralysed by an orc for 7 turns
 13685 | D:9      | Found a staircase to the Orcish Mines.
 14342 | D:10     | Entered Level 10 of the Dungeon
 14427 | D:10     | Identified a scroll of acquirement
 14429 | D:10     | Acquired the +8 frozen axe "Frostbite" {freezing cloud,
                  | *Noise Fly rC+}
 14430 | D:10     | Found the +8 frozen axe "Frostbite" {freezing cloud, *Noise
                  | Fly rC+}
 14593 | D:10     | Reached ***** piety under Okawaru
 14806 | D:10     | Reached skill level 11 in Axes
 15024 | D:11     | Noticed Grum
 15065 | D:11     | HP: 1/101 [something (5)]
 15068 | D:10     | Slain by an unseen horror

Illustrated notes

Levels and vault maps discovered:
D:1:      sevenhm_arrival_forest_fort_small_3, layout_basic,
          shapermc_ecumenical_altar_mp_highgroup, serial_shops, shop
D:2:      layout_loops_ring, basic_altar
D:3:      minmay_recursive_quarters, layout_basic
D:4:      minmay_diamond_boxcup, layout_loops_ring,
          minmay_temple_entry_enclosed_plants, uniq_grinder,
          uniq_crazy_yiuf_cottage, uniq_pikel
D:5:      layout_layer_cave
D:6:      layout_basic, uniq_sigmund
D:7:      layout_layer_cave, minitemple, fedhas_ov_isle_minmay,
          old_standard_altar, hangedman_ru_absence
D:8:      wad_pebble_path, layout_loops_cross, uniq_harold, uniq_joseph,
          uniq_prince_ribbit1
D:9:      layout_cave_pools, david_orc_3, minmay_statues_item
D:10:     layout_cave_pools
D:11:     layout_cave_pools, due_lair_maze_entry_diamond,
          portal_ice_cave_entry_ice_beasts, kennysheep_diamond, uniq_grum,
          uniq_sonja
Temple:   chequers_temple_sunken

Skill      XL: |  1  2  3  4  5  6  7  8  9 10 11 |
---------------+----------------------------------+-----
Axes           | 4 5 6 7 9 10 11 | 11.1
Fighting       | 3 4 5 6 7 8 10 | 10.8
Dodging        | 4 5 6 7 |  7.1
Throwing       | 3 4 5 |  5.8
Evocations     | 2 4 6 |  6.8
Armour         | 4 7 |  7.9

Action                   |  1- 3 |  4- 6 |  7- 9 | 10-12 || total
-------------------------+-------+-------+-------+-------++-------
Melee: War axe           |    89 |    41 |   349 |   200 ||   679
       Headbutt          |     8 |     6 |    69 |    57 ||   140
       Executioner's axe |       |       |       |    23 ||    23
Throw: Throwing net      |       |       |     4 |     1 ||     5
       Dart              |       |       |     1 |       ||     1
Evoke: Wand              |       |       |     7 |    21 ||    28
  Use: Potion            |       |     2 |     1 |       ||     3
       Scroll            |       |     1 |     2 |    13 ||    16
Armor: Leather armour    |    22 |     2 |     2 |       ||    26
       Ring mail         |     9 |    15 |       |       ||    24
       Chain mail        |       |       |   218 |   154 ||   372
Dodge: Dodged            |    69 |    19 |   216 |   128 ||   432

Table legend: (Time is in decaauts)
 A = Elapsed time spent in this place.
 B = Non-inter-level travel time spent in this place.
 C = Inter-level travel time spent in this place.
 D = Time resting spent in this place.
 E = Time spent auto-exploring this place.
 F = Levels seen in this place.
 G = Mean time per level.
                   A        B        C        D        E       F      G
               +--------+--------+--------+--------+--------+-----+--------+
         Total |  15177 |  14816 |    361 |   3735 |   9181 |  12 | 1264.8 |
       Dungeon |  15140 |  14792 |    348 |   3735 |   9166 |  11 | 1376.4 |
        Temple |     36 |     23 |     13 |      0 |     15 |   1 |   36.0 |
               +--------+--------+--------+--------+--------+-----+--------+

Top non-repeatable levels by time:
     D:4: 2570 daAuts
     D:6: 2183 daAuts
     D:7: 1950 daAuts
     D:8: 1920 daAuts
     D:5: 1639 daAuts
     D:3: 1214 daAuts
     D:9: 1195 daAuts
     D:2: 1094 daAuts
    D:10: 708 daAuts
     D:1: 634 daAuts
  Temple: 36 daAuts
    D:11: 28 daAuts
